Map: Alcyone LE

Players

PanicYolo - Winner!

  • Race: Terran Terran
  • League: Master
  • Spawn Location: 1:00

mxg

  • Race: Zerg Zerg
  • League: Diamond
  • Spawn Location: 7:00

VOD

Have the link to the VOD?

Description

Time

  • Played on: May 26, 2025, 11:47 a.m.
  • Length: 30:22
Show
View Real Time Build Order
Export as new Build Order

PanicYolo Terran - Winner!

Build Orders:  

Get SALT Encoding   

  12  0:00  SCV  
  13  0:12  SCV  
  14  0:17  Supply Depot  
  14  0:24  SCV  
  15  0:44  Barracks  
  16  0:57  SCV  
  16  0:59  Barracks  
  16  1:05  Refinery  
  16  1:10  SCV  
  17  1:23  Supply Depot  
  17  1:40  Marine  
  17  1:41  Orbital Command  
  17  1:45  Marine  
  18  1:54  Bunker  
  18  1:55  Supply Depot  
  18  1:58  Marine  
  19  2:06  Marine, Refinery  
  19  2:11  SCV  
  20  2:18  Marine  
  21  2:27  SCV  
  22  2:32  Marine  
  23  2:47  Factory  
  23  2:49  SCV  
  23  2:51  Marine  
  26  3:00  Supply Depot  
  26  3:02  SCV  
  27  3:17  Bunker  
  26  3:30  Factory Tech Lab  
  25  3:35  SCV  
  25  3:37  Marine  
  27  3:47  SCV  
  28  3:49  Starport  
  28  3:55  Marine  
  31  4:03  SCV  
  32  4:16  Starport  
  32  4:21  SCV  
  32  4:23  Command Center  
  29  4:32  Fusion Core  
  29  4:35  SCV  
  29  4:38  Viking  
  32  4:47  SCV  
  33  4:55  Starport Tech Lab  
  33  4:59  SCV  
  34  5:09  Starport Tech Lab  
  34  5:12  SCV  
  34  5:13  Supply Depot  
  35  5:35  Battlecruiser  
  41  5:52  Battlecruiser  
  47  5:57  SCV  
  47  6:01  Orbital Command  
  48  6:12  SCV  
  49  6:20  Supply Depot  
  49  6:22  Supply Depot  
  49  6:25  SCV  
  50  6:28  SCV  
  51  6:37  SCV  
  52  6:41  SCV  
  52  6:45  Supply Depot x2  
  53  6:49  SCV  
  53  6:54  Barracks, Battlecruiser  
  60  7:09  SCV x2  
  62  7:18  Engineering Bay  
  62  7:21  SCV  
  62  7:22  Viking  
  65  7:27  SCV  
  66  7:33  SCV, Refinery  
  66  7:35  Refinery  
  67  7:39  SCV  
  45  8:09  SCV  
  35  8:24  Command Center  
  35  8:25  Command Center  
  29  8:29  SCV x2  
  31  8:41  SCV  
  32  8:49  SCV  
  32  8:54  SCV  
  32  8:55  Weapon Refit  
  34  9:01  SCV  
  35  9:06  SCV  
  35  9:07  Engineering Bay  
  36  9:10  Missile Turret x2  
  36  9:14  SCV  
  35  9:18  SCV  
  36  9:27  SCV  
  36  9:30  SCV  
  38  9:39  SCV  
  38  9:41  SCV  
  38  9:42  SCV  
  38  9:43  SCV  
  40  9:51  SCV  
  36  9:53  SCV  
  36  9:56  Battlecruiser  
  42  10:04  SCV x2  
  44  10:12  SCV x2  
  46  10:16  SCV  
  46  10:20  Orbital Command  
  47  10:24  SCV x2  
  49  10:29  SCV  
  50  10:37  Orbital Command  
  50  10:39  SCV  
  50  10:41  SCV  
  52  10:43  Refinery  
  52  10:45  Refinery  
  52  10:55  Battlecruiser  
  48  11:14  Missile Turret x2  
  48  11:17  SCV x3, Missile Turret  
  51  11:25  Missile Turret  
  51  11:27  SCV, Missile Turret x2  
  51  11:29  SCV  
  51  11:32  SCV x2  
  55  11:39  SCV  
  56  11:41  SCV  
  56  11:58  SCV x3  
  56  11:59  SCV  
  53  12:16  Factory  
  53  12:22  Neosteel Armor  
  49  12:23  SCV  
  49  12:24  SCV  
  51  12:32  Refinery  
  51  12:33  Refinery  
  51  12:38  Missile Turret  
  51  12:39  Missile Turret  
  51  12:40  SCV x2  
  51  12:41  Orbital Command, Missile Turret  
  51  12:42  Missile Turret  
  51  12:43  SCV, Missile Turret  
  54  12:50  Supply Depot  
  54  12:52  SCV x2  
  54  12:55  SCV  
  57  13:02  Armory  
  57  13:04  SCV, Armory  
  57  13:05  SCV  
  59  13:07  SCV x2  
  59  13:11  Widow Mine  
  63  13:17  SCV x2  
  63  13:19  SCV x2  
  67  13:24  Missile Turret  
  67  13:30  Missile Turret  
  67  13:32  Widow Mine  
  67  13:34  SCV x3, Missile Turret  
  72  13:45  SCV  
  72  13:47  SCV x3  
  76  13:53  Terran Ship Weapons Level 1  
  76  13:54  Terran Vehicle And Ship Armor Level 1, Widow Mine  
  77  13:57  SCV  
  77  13:58  Refinery  
  77  14:01  Battlecruiser  
  77  14:02  Hi-Sec Auto Tracking  
  83  14:03  Refinery  
  80  14:10  Refinery  
  80  14:11  Refinery  
  80  14:14  SCV x3, Missile Turret  
  80  14:15  SCV, Widow Mine, Missile Turret  
  86  14:17  Missile Turret  
  86  14:30  SCV x4  
  90  14:42  SCV x3  
  90  14:43  SCV  
  94  14:47  Battlecruiser  
  100  14:54  SCV x2  
  100  14:55  SCV x2  
  100  14:59  Missile Turret  
  104  15:00  Missile Turret  
  104  15:01  Missile Turret  
  104  15:05  Missile Turret  
  104  15:06  SCV x2  
  104  15:07  SCV x2  
  107  15:12  Command Center  
  108  15:18  SCV  
  109  15:23  Command Center  
  109  15:30  Battlecruiser  
  113  15:49  Terran Vehicle And Ship Armor Level 2, Terran Ship Weapons Level 2  
  113  15:56  Command Center  
  113  16:01  Missile Turret x2  
  113  16:06  Battlecruiser  
  119  16:14  Starport  
  119  16:34  Battlecruiser  
  119  16:37  Orbital Command  
  119  16:42  Factory Tech Lab  
  119  16:46  Factory x2  
  119  16:47  Factory  
  119  16:48  Factory  
  119  16:52  Starport Tech Lab  
  119  16:55  SCV x4  
  123  17:07  SCV x2  
  125  17:10  Command Center  
  125  17:12  Refinery  
  125  17:15  Missile Turret  
  125  17:16  Missile Turret, Refinery  
  125  17:17  Infernal Pre-Igniter, Missile Turret  
  125  17:19  Hellion  
  125  17:22  SCV  
  128  17:33  Planetary Fortress  
  128  17:36  Missile Turret  
  128  17:40  Missile Turret  
  128  17:42  Missile Turret  
  126  17:44  Missile Turret  
  126  17:45  Missile Turret  
  126  17:46  Missile Turret  
  126  17:48  Factory Tech Lab, Factory Reactor  
  126  17:49  Factory Tech Lab  
  126  17:50  Factory, Factory Reactor  
  125  17:51  Factory  
  125  17:52  Factory  
  107  18:13  Hellion, Hellbat  
  107  18:14  Hellbat  
  107  18:16  Terran Vehicle Weapons Level 1  
  107  18:17  Terran Vehicle And Ship Armor Level 3  
  113  18:23  Planetary Fortress  
  113  18:31  Hellion  
  113  18:32  Hellion x3  
  121  18:44  Missile Turret  
  121  18:46  Hellion x2  
  121  18:47  Hellion x2, Hellbat  
  121  18:48  Hellbat  
  133  18:53  Hellion, Hellbat  
  137  19:12  Cyclone  
  137  19:13  Command Center, Cyclone x2, Factory Tech Lab x2  
  137  19:14  Factory Reactor  
  146  19:18  Sensor Tower  
  146  19:23  Sensor Tower  
  146  19:24  Hellion x4  
  154  19:35  Cyclone x2  
  160  19:45  Cyclone x2, Hellion  
  168  19:46  Command Center  
  168  19:50  Mag-Field Accelerator  
  168  20:23  Cyclone, Hellion  
  168  20:25  Cyclone x4  
  183  20:28  Hellion x2  
  183  20:29  Hellion x11  
  183  20:37  Hellion x3  
  183  20:44  Supply Depot  
  183  20:45  Supply Depot  
  183  20:58  Cyclone x4, Hellion  
  183  21:04  Planetary Fortress  
  197  21:08  Refinery  
  191  21:19  Cyclone  
  191  21:25  Missile Turret  
  188  21:26  Missile Turret  
  188  21:30  Cyclone x2  
  192  21:42  Thor  
  187  22:27  Thor x2  
  182  22:53  Thor  
  182  22:56  Thor  
  182  22:58  Thor  
  182  23:18  Refinery  
  166  23:57  Orbital Command  
  147  24:16  Supply Depot  
  147  24:17  Supply Depot x2  
  147  24:18  Supply Depot x2  
  147  24:19  Supply Depot  
  147  24:29  Supply Depot  
  147  24:31  Supply Depot  
  147  24:32  Supply Depot  
  147  24:46  Orbital Command  
  147  24:49  Factory  
  147  24:51  Factory  
  147  24:52  Factory x2  
  132  25:15  Orbital Command  
  118  25:41  Factory Tech Lab x3  
  118  25:42  Factory Tech Lab  
  112  25:55  Factory Tech Lab  
  112  25:56  Refinery  
  96  25:57  Armory  
  96  25:58  Armory  
  90  26:06  Cyclone x4  
  102  26:15  Factory Tech Lab  
  102  26:20  Factory Tech Lab  
  81  26:38  Cyclone  
  83  26:48  Supply Depot x2  
  83  26:49  Thor x3, Supply Depot x2  
  83  26:50  Factory Tech Lab, Supply Depot  
  83  26:51  Supply Depot  
  83  26:52  Supply Depot  
  83  26:53  Supply Depot x2  
  83  26:54  Supply Depot x2  
  99  26:55  Supply Depot  
  99  26:56  Thor  
  99  26:57  Thor, Supply Depot  
  113  27:24  Factory Tech Lab  
  113  27:25  Command Center  
  97  27:32  Thor x2  
  104  27:39  Command Center  
  104  27:48  Command Center  
  104  27:55  Hellion x2  
  97  28:15  Hellion x2  
  54  29:07  Command Center  
Show
View Real Time Build Order
Export as new Build Order

mxg Zerg 

Build Orders: Hatch First 

Get SALT Encoding   

  12  0:01  Drone  
  13  0:08  Drone  
  14  0:15  Extractor  
  14  0:16  Drone  
  15  0:24  Overlord  
  15  0:43  Drone x2  
  17  0:50  Hatchery  
  17  0:54  Drone  
  17  0:57  Drone  
  18  1:11  Spawning Pool  
  18  1:14  Drone  
  18  1:19  Drone  
  19  1:30  Drone  
  20  1:43  Drone  
  21  2:01  Zergling x2  
  21  2:02  Zergling x2  
  21  2:05  Spine Crawler  
  21  2:08  Zergling x2  
  22  2:13  Spine Crawler  
  22  2:14  Drone x2  
  22  2:15  Queen  
  25  2:22  Queen  
  27  2:29  Overlord  
  27  2:33  Drone  
  28  2:41  Extractor  
  28  2:43  Drone x2, Extractor  
  28  2:48  Drone  
  28  2:49  Drone  
  30  2:54  Drone  
  30  2:57  Overlord  
  31  3:04  Drone  
  32  3:08  Drone  
  32  3:35  Queen x2  
  32  3:36  Drone x5  
  32  3:37  Metabolic Boost  
  32  3:39  Drone  
  42  3:49  Drone x2  
  42  3:51  Overlord  
  44  4:11  Drone x5  
  49  4:19  Lair  
  49  4:21  Drone  
  50  4:28  Drone  
  50  4:31  Extractor  
  50  4:33  Extractor  
  50  4:37  Zergling x4  
  51  4:43  Hatchery  
  50  4:49  Drone  
  50  4:50  Drone  
  50  4:51  Overlord x2  
  50  4:52  Overlord x2  
  51  4:53  Spore Crawler  
  51  4:55  Spore Crawler  
  49  5:05  Drone  
  49  5:06  Drone  
  51  5:11  Drone x2  
  51  5:12  Drone  
  54  5:18  Zergling x2  
  55  5:25  Spire  
  55  5:27  Drone x3  
  55  5:28  Overlord  
  57  5:36  Overlord x2  
  57  5:37  Drone x2  
  59  5:51  Drone x2  
  59  5:52  Drone x3, Overlord  
  59  5:55  Overlord  
  64  5:59  Overlord  
  64  6:00  Overlord  
  64  6:05  Drone  
  64  6:06  Drone x2, Baneling Nest  
  66  6:14  Extractor x2  
  66  6:17  Drone x3  
  66  6:18  Drone x2  
  69  6:20  Drone  
  70  6:31  Drone x3  
  70  6:32  Drone x4  
  77  6:43  Zerg Flyer Weapons Level 1  
  77  6:44  Mutalisk x3  
  83  6:48  Mutalisk x4  
  91  7:01  Drone x2, Mutalisk  
  93  7:02  Mutalisk x3  
  97  7:11  Corruptor  
  97  7:12  Corruptor  
  95  7:23  Corruptor x2  
  95  7:28  Queen x2  
  93  7:37  Corruptor  
  93  7:44  Spore Crawler x2  
  89  7:52  Spore Crawler  
  89  7:53  Spore Crawler  
  70  8:15  Mutalisk  
  70  8:16  Mutalisk x3  
  76  8:20  Queen x2  
  76  8:21  Drone  
  76  8:22  Drone x10  
  90  8:33  Drone x2  
  92  8:39  Zergling x2  
  92  8:40  Hatchery  
  92  8:43  Mutalisk x2  
  92  8:52  Hatchery  
  91  9:04  Mutalisk x2  
  91  9:05  Mutalisk  
  97  9:11  Drone x4  
  101  9:18  Drone x3  
  104  9:27  Drone  
  103  9:41  Corruptor  
  103  9:42  Corruptor x2  
  103  10:04  Mutalisk  
  103  10:05  Mutalisk x3  
  111  10:10  Drone x6  
  111  10:11  Drone x2  
  119  10:18  Spore Crawler  
  119  10:20  Spore Crawler  
  119  10:21  Spore Crawler  
  116  10:23  Zerg Flyer Weapons Level 2  
  116  10:25  Spore Crawler  
  115  10:29  Spore Crawler  
  115  10:30  Spore Crawler  
  115  10:31  Drone, Spore Crawler  
  115  10:32  Drone x6  
  115  10:35  Overlord  
  119  10:36  Overlord x4  
  119  10:54  Centrifugal Hooks  
  119  10:57  Evolution Chamber  
  119  10:59  Evolution Chamber  
  117  11:07  Mutalisk  
  117  11:08  Mutalisk x2  
  117  11:10  Zergling x2  
  117  11:11  Zergling x26  
  135  11:19  Extractor x2  
  135  11:20  Drone x2  
  135  11:23  Drone  
  135  11:24  Drone x3  
  140  11:25  Drone  
  140  11:39  Hatchery  
  137  11:47  Zergling x2  
  137  11:48  Zergling x26  
  137  11:50  Hatchery  
  137  11:51  Extractor  
  141  12:10  Mutalisk x8  
  157  12:27  Corruptor  
  157  12:28  Corruptor  
  155  12:38  Drone x5  
  155  12:39  Overlord x6  
  160  12:44  Spore Crawler  
  160  12:45  Spore Crawler  
  160  12:46  Spore Crawler, Baneling x4  
  160  12:47  Baneling x5  
  160  12:49  Zerg Melee Weapons Level 1  
  157  12:55  Drone x3  
  160  13:34  Infestation Pit, Drone, Extractor x2  
  160  13:35  Drone x5  
  160  13:36  Drone  
  160  13:37  Drone x5  
  160  13:38  Spore Crawler, Overlord  
  160  13:39  Overlord  
  160  13:40  Spore Crawler, Overlord x2  
  160  13:41  Spore Crawler, Overlord x2  
  166  13:42  Pneumatized Carapace  
  166  13:43  Burrow  
  156  14:15  Neural Parasite  
  156  14:16  Infestor  
  156  14:17  Infestor x7  
  170  14:36  Infestor x2  
  170  14:37  Infestor  
  175  14:46  Corruptor  
  175  14:47  Corruptor  
  175  14:48  Corruptor  
  181  15:16  Zerg Flyer Armor Level 1  
  181  15:17  Zerg Melee Weapons Level 2, Hive  
  181  15:19  Zerg Ground Armor Level 1  
  167  16:18  Hatchery  
  166  16:19  Extractor x2  
  136  16:42  Overlord x2  
  136  16:44  Corruptor  
  136  16:45  Corruptor x14  
  166  16:59  Drone x3  
  166  17:00  Drone x3  
  172  17:03  Spine Crawler  
  172  17:04  Spine Crawler  
  172  17:06  Spine Crawler  
  172  17:07  Spine Crawler  
  172  17:08  Drone x5  
  171  17:09  Drone  
  174  17:25  Adrenal Glands  
  143  18:15  Corruptor  
  143  18:16  Corruptor x11  
  163  18:21  Corruptor x4  
  163  18:22  Corruptor x5  
  181  18:42  Extractor, Hatchery  
  181  18:45  Zerg Melee Weapons Level 3  
  181  18:46  Zerg Missile Weapons Level 1  
  179  18:55  Hatchery  
  178  19:13  Greater Spire  
  178  19:16  Drone, Spire  
  178  19:23  Drone x2  
  178  19:24  Drone  
  181  19:39  Unknown  
  180  19:51  Hatchery  
  179  19:53  Unknown  
  173  20:02  Extractor  
  170  20:45  Infestor x2  
  170  20:46  Infestor x2  
  170  20:48  Infestor x4  
  170  20:49  Infestor x2  
  190  20:53  Brood Lord x3  
  190  20:54  Brood Lord x2  
  200  21:32  Spine Crawler x3  
  191  21:37  Spine Crawler x2  
  181  21:50  Brood Lord x4  
  181  21:51  Brood Lord x6  
  200  22:00  Corruptor  
  200  22:01  Corruptor x2  
  180  22:30  Swarm Host x6  
  180  22:33  Zergling x2  
  180  22:34  Zergling x2  
  180  22:35  Zergling x2  
  172  23:38  Overlord x6  
  172  23:39  Overlord x6  
  147  24:58  Overlord  
  147  24:59  Overlord x8  
  141  25:08  Spawning Pool  
  141  25:12  Drone x4  
  132  25:15  Drone  
  132  25:16  Drone x7  
  105  26:30  Drone  
  105  26:31  Drone x2  
  92  26:46  Hatchery  
  88  26:49  Drone x2  
  88  26:50  Drone  
  50  28:45  Extractor  
  50  28:46  Hatchery  
  47  30:05  Drone  
Tags
 
Matchup
TvZ
Spawn Locations
Cross Positions
Add a new tag
Caveats
  • Supply blocks, unpowered buildings, or Contaminate may cause inaccurate times.
  • Supply counts are checked every 10 seconds.